 Dungeon Crawl Stone Soup version 0.17.0-28-g6e173f8 (webtiles) character file.

7315 gorblad the Nimble (level 10, -4/102 HPs)
             Began as a Troll Berserker on Dec 4, 2015.
             Was an Elder of Trog.
             Slain by an unseen horror (11 damage)
             ... on level 13 of the Dungeon.
             The game lasted 00:14:45 (5923 turns).

gorblad the Nimble (Troll Berserker)                Turns: 5923, Time: 00:14:45

Health: -4/102     AC:  8    Str: 30    XL:     10   Next: 90%
Magic:  0/9        EV: 13    Int:  3    God:    Trog [****..]
Gold:   526        SH:  0    Dex:  9    Spells: 0 memorised, 9 levels left

rFire  + . .     SeeInvis .       - Unarmed
rCold  . . .     Clarity  .     p - +2 robe {rF+}
rNeg   . . .     SustAt   .     (no shield)
rPois  .         Gourm    +     (helmet restricted)
rElec  .         Spirit   +     n - +0 cloak
rCorr  .         Warding  .     (gloves unavailable)
rMut   .         Stasis   .     (boots unavailable)
MR     .....                    o - amulet of guardian spirit
Stlth  +.........               (no ring)
                                (no ring)

@: not resistant to hostile enchantments, very unstealthy
A: unfitting armour, claws 3, fast metabolism 3, gourmand, regeneration 2,
shaggy fur 1, tough skin 2
a: Berserk, Trog's Hand, Brothers in Arms, Burn Spellbooks, Renounce Religion


You were on level 13 of the Dungeon.
You worshipped Trog.
Trog was greatly pleased with you.
You were full.

You visited 1 branch of the dungeon, and saw 9 of its levels.
You also visited: Ossuary.

You collected 526 gold pieces.

Inventory:

Armour
 a - a +1 animal skin
 n - a +0 cloak (worn)
 p - a +2 robe of fire resistance (worn)
Jewellery
 o - an amulet of guardian spirit (around neck)
 z - an uncursed ring of sustain attributes {unknown}
Wands
 h - a wand of draining (5)
Scrolls
 c - 7 scrolls of remove curse
 l - a scroll of teleportation
 t - 2 scrolls of magic mapping
 u - a scroll of enchant armour
 y - 2 scrolls of recharging
 A - a scroll of enchant weapon
Potions
 d - a potion of invisibility
 e - a potion of lignification
 i - 2 potions of agility
 q - a potion of cancellation {unknown}
 r - 2 potions of degeneration {unknown}
 v - a potion of berserk rage {unknown}
 x - a potion of might {unknown}
Miscellaneous
 w - a plain deck of changes
Comestibles
 b - 6 bread rations
 f - 5 fruits
 g - 2 beef jerkies
 j - a royal jelly
 k - 3 meat rations
 m - 2 slices of pizza


   Skills:
 + Level 7.6 Fighting
 + Level 9.9 Dodging
 + Level 9.6 Unarmed Combat


You had 9 spell levels left.
You didn't know any spells.

Dungeon Overview and Level Annotations

Branches:
Dungeon (13/15)            Temple (0/1) D:7
   Lair: D:8-11         Orc: D:9-12      Vaults: D:13-14

Altars:
Kikubaaqudgha
Nemelex Xobeh
Okawaru
Xom
The Shining One

Shops:
D:7 %   D:9 =


Innate Abilities, Weirdness & Mutations

You are too large for most types of armour.
You have claws for hands.
Your metabolism is lightning-fast.
You like to eat raw meat.
You heal very quickly.
You are covered in fur (AC +1).
You have very tough skin (AC +2).


Message History

Drink which item? (? for menu, Esc to quit)
You feel better. Something hits you! Something hits you! Something hits you!
* * * LOW HITPOINT WARNING * * *
Something hits you.
* * * LOW HITPOINT WARNING * * *
Something hits you!
* * * LOW HITPOINT WARNING * * *
Something hits you.
* * * LOW HITPOINT WARNING * * *
Something hits you!
* * * LOW HITPOINT WARNING * * *
Something hits you.
* * * LOW HITPOINT WARNING * * *
Drink which item? (? for menu, Esc to quit)
Okay, then.
Read which item? (? for menu, Esc to quit)
As you read the scroll labeled JADAWEOMIC, it crumbles to dust.
The scroll dissolves into smoke.
It was a scroll of fog.
Something hits you!
You die...

...'...#....# #..........
(.##...#....# #..........
..##...#....# #..........
.......#....# #..........
.......'....# #..?.......
..######....# #..........
..#.........####§§§.......
+ #...........§§§§§.......
..............{@§§...####
..............§#######
..............§#
..###+#........# ##
#........# #........#
#........# #........#
#....##+##


There were no monsters in sight!

Vanquished Creatures
  Erica (D:8)
  Pikel (D:6)
  A centaur zombie (D:10)
  Psyche (D:8)
  An efreet (D:13)
  3 trolls
  A two-headed ogre (D:9)
  Sigmund (D:6)
  Eustachio (D:6)
  3 hippogriffs
  A hungry ghost (D:13)
  A water moccasin (D:6)
  2 black bears
  A slave (D:6)
  3 sky beasts
  An ice beast (D:9)
  A phantom (D:8)
  An orc warrior (D:6)
  An ogre (D:7)
  A wasp (D:8)
  3 necrophages
  Blork the orc (D:6)
  A giant frog (D:9)
  5 killer bees (D:9)
  2 scorpions
  8 wights
  A quasit (D:10)
  6 crimson imps
  4 hounds
  A jelly (D:8)
  3 giant frog zombies
  2 iguanas
  An orc priest (D:7)
  4 centaur skeletons
  2 giant frog skeletons
  3 worker ants
  A big kobold zombie (Ossuary)
  8 mummies (Ossuary)
  A hound skeleton (D:8)
  6 gnolls
  7 adders
  2 shadow imps
  A worm (D:2)
  2 giant geckos
  8 orcs
  2 bats
  9 goblins
  3 hobgoblins
  4 jackals (D:7)
  3 kobolds (D:2)
  5 quokkas
  3 giant cockroaches
  A giant gecko skeleton (D:8)
  2 giant newts (D:1)
  2 goblin zombies (D:8)
  4 hobgoblin zombies (Ossuary)
  A jackal skeleton (D:6)
  2 kobold zombies (Ossuary)
  An orc zombie (Ossuary)
  4 rats (D:2)
156 creatures vanquished.

Vanquished Creatures (others)
  A shadow imp (D:6)
1 creature vanquished.

Grand Total: 157 creatures vanquished

Notes
Turn   | Place    | Note
--------------------------------------------------------------
     0 | D:1      | gorblad the Troll Berserker began the quest for the Orb.
     0 | D:1      | Reached XP level 1. HP: 22/22 MP: 0/0
   290 | D:1      | Reached XP level 2. HP: 10/29 MP: 1/1
   655 | D:2      | Reached XP level 3. HP: 32/36 MP: 2/2
  1568 | D:3      | You fall through a shaft for 3 floors!
  1577 | D:6      | Noticed Sigmund
  1583 | D:6      | Killed Sigmund
  1583 | D:6      | Reached skill level 4 in Unarmed Combat
  1583 | D:6      | Reached XP level 4. HP: 20/45 MP: 3/3
  1583 | D:6      | Reached XP level 5. HP: 23/53 MP: 4/4
  1588 | D:6      | Reached ** piety under Trog
  1643 | D:6      | Noticed a water moccasin
  1650 | D:6      | Killed a water moccasin
  1650 | D:6      | Reached XP level 6. HP: 29/62 MP: 5/5
  1840 | D:6      | Noticed a slave
  1841 | D:6      | Noticed Pikel
  1841 | D:6      | Noticed a slave
  1843 | D:6      | Noticed a slave
  1843 | D:6      | Noticed a slave
  1855 | D:6      | Killed a slave
  1862 | D:6      | Killed Pikel
  1862 | D:6      | Reached skill level 5 in Dodging
  1862 | D:6      | Reached skill level 5 in Unarmed Combat
  1862 | D:6      | Reached XP level 7. HP: 29/71 MP: 6/6
  2079 | D:6      | Noticed Eustachio
  2114 | D:6      | Killed Eustachio
  2114 | D:6      | Reached skill level 6 in Unarmed Combat
  2114 | D:6      | Reached XP level 8. HP: 66/79 MP: 7/7
  2166 | D:6      | Noticed Blork the orc
  2173 | D:6      | Killed Blork the orc
  2245 | D:6      | Noticed a sky beast
  2252 | D:6      | Killed a sky beast
  2252 | D:6      | Reached skill level 5 in Fighting
  2361 | D:6      | Found a glowing golden altar of the Shining One.
  2361 | D:6      | Found an ancient bone altar of Kikubaaqudgha.
  2543 | D:6      | Noticed a sky beast
  2547 | D:6      | Killed a sky beast
  2858 | D:7      | Found a sparkling altar of Nemelex Xobeh.
  3084 | D:7      | Found Ceud's Food Emporium.
  3158 | D:7      | Reached skill level 7 in Dodging
  3235 | D:7      | Reached XP level 9. HP: 82/88 MP: 8/8
  3489 | D:7      | Found an iron altar of Okawaru.
  3492 | D:7      | Reached *** piety under Trog
  3631 | D:7      | Found a staircase to the Ecumenical Temple.
  3835 | D:8      | Found a sand-covered staircase.
  3848 | Ossuary  | Entered an ossuary
  4151 | D:8      | Noticed Erica
  4170 | D:8      | Killed Erica
  4170 | D:8      | Reached skill level 8 in Dodging
  4327 | D:8      | Noticed Psyche
  4349 | D:8      | Killed Psyche
  4791 | D:9      | Found Syettoco's Jewellery Shoppe.
  4826 | D:9      | Reached XP level 10. HP: 100/100 MP: 4/9
  5050 | D:9      | Found a shimmering altar of Xom.
  5519 | D:9      | Reached skill level 9 in Dodging
  5539 | D:10     | Entered Level 10 of the Dungeon
  5676 | D:10     | Reached **** piety under Trog
  5725 | D:10     | You fall through a shaft for 3 floors!
  5923 | D:13     | Slain by an unseen horror

Action                   |  1- 3 |  4- 6 |  7- 9 | 10-12 || total
-------------------------+-------+-------+-------+-------++-------
Melee: Unarmed           |   104 |    25 |   290 |   149 ||   568
Invok: Burn Spellbooks   |       |     1 |       |       ||     1
       Berserk           |       |     1 |     3 |     3 ||     7
  Use: Scroll            |     5 |       |    11 |     2 ||    18
       Potion            |       |       |     1 |     5 ||     6
 Stab: Sleeping          |     1 |       |       |       ||     1
       Invisible         |       |       |     2 |       ||     2
  Eat: Chunk             |    20 |       |    30 |    15 ||    65
